 Dungeon Crawl Stone Soup version 0.26.1-2-gb8aa6d0 (webtiles) character file.

Game seed: 6483661625025084908

95708 GeorgeSoros the Fighter (level 16, -8/127 HPs)
             Began as a Gnoll Wanderer on Feb 11, 2021.
             Was the Champion of Nemelex Xobeh.
             Mangled by an alligator (19 damage)
             ... led by an alligator
             ... on level 1 of the Swamp on Feb 14, 2021.
             The game lasted 02:04:47 (36860 turns).

GeorgeSoros the Fighter (Gnoll Wanderer)           Turns: 36860, Time: 02:04:48

Health: -8/127     AC: 35    Str: 23    XL:     16   Next: 14%
Magic:  30/30      EV: 10    Int: 17    God:    Nemelex Xobeh [******]
Gold:   116        SH:  5    Dex: 17    Spells: 26/36 levels left

rFire    + . .     SeeInvis .   V - +7 great mace "Undeadhunter" {disrupt, rN+}
rCold    + + .     Faith    .   (shield currently unavailable)
rNeg     + + .     Spirit   .   D - +10 crystal plate armour "Ciacoal" {+Inv rPois rC+ Dex+2}
rPois    +         Reflect  +   i - -2 hat of the Alchemist {rElec rPois rF+ rC+ rN+ Will+ rMut rCorr}
rElec    +         Harm     .   T - +0 cloak
rCorr    +         Rampage  .   l - +0 pair of gloves
rMut     +                      (no boots)
Will     ++...                  r - amulet of reflection
Stlth    ..........             O - +6 ring of strength
HPRegen  0.31/turn              h - +4 ring of protection
MPRegen  0.22/turn

@: no status effects
A: distributed training, fangs 1, clumsy 1, strong nose
a: Renounce Religion, Evoke Invisibility, Draw Escape, Draw Destruction, Draw
Summoning, Triple Draw, Deal Four, Stack Five


You were on level 1 of the Swamp.
You worshipped Nemelex Xobeh.
Nemelex Xobeh was exalted by your worship.
You visited 5 branches of the dungeon, and saw 24 of its levels.
You visited 1 bazaar.
You also visited: Ice Cave.

You collected 3414 gold pieces.
You spent 3298 gold pieces at shops.

Inventory:

Hand Weapons
 s - the +1 longbow of Gedyista {vorpal, MP+9}
   (You bought it in a shop in a bazaar)

   Any arrow fired from it inflicts extra damage.
   It affects your magic capacity (+9).
 V - the +7 great mace "Undeadhunter" (weapon) {disrupt, rN+}
   (You found it in an ice cave)

   It protects you from negative energy.
Missiles
 w - 60 poisoned darts (quivered)
 C - 572 stones
 F - 4 throwing nets
Armour
 i - the -2 hat of the Alchemist (worn) {rElec rPois rF+ rC+ rN+ Will+ rMut rCorr}
   (You bought it in a shop on level 11 of the Dungeon)

   It protects you from fire.
   It protects you from cold.
   It insulates you from electricity.
   It protects you from poison.
   It protects you from negative energy.
   It affects your willpower, your defense against some magical effects.
   It provides partial protection from all sources of acid and corrosion.
   It protects you from mutation.
 l - a +0 pair of gloves (worn)
 D - the +10 crystal plate armour "Ciacoal" (worn) {+Inv rPois rC+ Dex+2}
   (You bought it in a shop on level 11 of the Dungeon)

   It affects your dexterity (+2).
   It protects you from cold.
   It protects you from poison.
   It lets you turn invisible.
 G - the +7 chain mail "Kioz" {+Inv rC+ Dex+4}
   (You found it on level 7 of the Dungeon)

   It affects your dexterity (+4).
   It protects you from cold.
   It lets you turn invisible.
 T - a +0 cloak (worn)
 Y - a +0 helmet of see invisible
Jewellery
 e - a +4 ring of evasion
 f - an uncursed ring of resist corrosion
 h - a +4 ring of protection (right hand)
 j - an uncursed ring of magical power
 r - an amulet of reflection (around neck)
 z - an uncursed ring of flight
 I - an uncursed amulet of the acrobat
 M - an uncursed amulet of faith {unknown}
 O - a +6 ring of strength (left hand)
 R - an uncursed ring of protection from cold
Wands
 a - a wand of acid (7)
 n - a wand of flame (41)
 q - a wand of paralysis (25)
 u - a wand of polymorph (8)
 x - a wand of digging (1)
 B - a wand of random effects (43)
 L - a wand of disintegration (7)
 N - a wand of iceblast (19)
 Q - a wand of enslavement (16)
Scrolls
 d - 10 scrolls of teleportation
 k - 6 scrolls of fear
 m - 3 scrolls of enchant armour
 v - a scroll of blinking
 U - 5 scrolls of identify
 Z - a scroll of enchant weapon
Potions
 b - 3 potions of haste
 c - 4 potions of resistance
 g - 5 potions of flight
 o - 2 potions of lignification
 p - a potion of might
 t - 2 potions of brilliance
 A - 4 potions of ambrosia
 H - a potion of mutation
 J - a potion of invisibility
 K - a potion of magic
 P - 7 potions of curing
 S - 2 potions of berserk rage
 X - 3 potions of heal wounds
Miscellaneous
 y - a lightning rod (4/4)


   Skills:
 + Level 12.2 Fighting
 + Level 10.6 Short Blades
 + Level 10.6 Long Blades
 + Level 10.6 Axes
 + Level 10.6 Maces & Flails
 + Level 10.6 Polearms
 + Level 10.9 Staves
 + Level 10.6 Slings
 + Level 10.6 Bows
 + Level 10.6 Crossbows
 + Level 10.6 Throwing
 + Level 10.6 Armour
 + Level 10.9 Dodging
 + Level 10.8 Stealth
 + Level 10.9 Shields
 + Level 10.6 Unarmed Combat
 + Level 10.9 Spellcasting
 + Level 9.0 Conjurations
 + Level 9.0 Hexes
 + Level 9.0 Summonings
 + Level 9.0 Necromancy
 + Level 9.0 Translocations
 + Level 9.0 Transmutations
 + Level 9.0 Fire Magic
 + Level 9.0 Ice Magic
 + Level 9.0 Air Magic
 + Level 9.0 Earth Magic
 + Level 9.7 Poison Magic
 + Level 11.4 Invocations
 + Level 10.6 Evocations


You had 26 spell levels left.
You knew the following spells:

 Your Spells              Type           Power        Failure   Level
a - Corona                Hex            43%          11%         1
b - Sandblast             Erth           78%          11%         1
c - Summon Small Mammal   Summ           100%         11%         1
d - Cause Fear            Hex            19%          71%         4
e - Tukima's Dance        Hex            39%          32%         3

Your spell library contained the following spells:

 Spells                   Type           Power        Failure   Level
 Animate Skeleton         Necr           78%          11%         1
 Apportation              Tloc           78%          11%         1
 Magic Dart               Conj           100%         11%         1
 Pain                     Necr           100%         11%         1
 Passwall                 Tmut/Erth      32%          16%         2
 Searing Ray              Conj           78%          16%         2
 Slow                     Hex            39%          16%         2
 Dazzling Flash           Conj/Hex       78%          32%         3
 Inner Flame              Hex/Fire       39%          32%         3
 Lesser Beckoning         Tloc           19%          32%         3
 Portal Projectile        Hex/Tloc       78%          32%         3
 Stone Arrow              Conj/Erth      78%          32%         3
 Vampiric Draining        Necr           19%          32%         3
 Animate Dead             Necr           19%          71%         4
 Fulminant Prism          Conj/Hex       19%          71%         4
 Iskenderun's Mystic Bla  Conj/Tloc      39%          71%         4
 Leda's Liquefaction      Hex/Erth       19%          71%         4
 Petrify                  Tmut/Erth      39%          71%         4
 Alistair's Intoxication  Tmut/Pois      27%          95%         5
 Agony                    Necr           39%          96%         5
 Bolt of Magma            Conj/Fire/Erth 19%          96%         5
 Borgnjor's Vile Clutch   Necr/Erth      19%          96%         5
 Iskenderun's Battlesphe  Conj           39%          96%         5
 Lee's Rapid Deconstruct  Erth           19%          96%         5
 Death Channel            Necr           19%          100%        6
 Invisibility             Hex            39%          100%        6
 Iron Shot                Conj/Erth      19%          100%        6
 Simulacrum               Ice/Necr       19%          100%        6
 Orb of Destruction       Conj           19%          100%        7
 Spellforged Servitor     Conj/Summ      19%          100%        7


Dungeon Overview and Level Annotations

Branches:
Dungeon (14/15)            Temple (1/1) D:5            Lair (6/6) D:11
  Swamp (1/4) Lair:3        Snake (0/4) Lair:4        Slime (0/5) Lair:5
    Orc (2/2) D:12            Elf (0/3) Orc:2        Vaults (0/5) D:14
  IceCv (visited)

Altars:
Ashenzari
Cheibriados
Dithmenos
Elyvilon
Fedhas
Gozag
Hepliaklqana
Kikubaaqudgha
Makhleb
Nemelex Xobeh
Okawaru
Qazlal
Ru
Sif Muna
Trog
Uskayaw
Vehumet
Wu Jian
Xom
Yredelemnul
Zin
The Shining One
Beogh

Shops:
D:6 :   D:8 *   D:11 *[([=   D:12 [(   Orc:1 }   Orc:2 }?[=(

Annotations:
D:10 3 runed translucent doors, exclusion: obsidian statue, allesh93's ghost, novice MiFi
D:11 3 runed translucent doors, Zock's ghost, journeyman HuFi
Lair:2 2 transporters, ttag's ghost, journeyman MiBe
Lair:3 exclusion: oklob plant
Lair:5 1 runed translucent door, exclusion: oklob plant, vykuza's ghost, journeyman MiBe
Lair:6 exclusion: oklob plant
Swamp:1 Louise


Innate Abilities, Weirdness & Mutations

Your experience applies equally to all skills.
You have very sharp teeth.
Your uncanny sense of smell can sniff out nearby items.
You are clumsy. (Dex -2)


Message History

The alligator tail-slaps you but does no damage.
The alligator bites you.
The alligator tail-slaps you but does no damage.
GeorgeSoros's illusion gestures at the spriggan rider while chanting.
The blast of sand misses the spriggan rider.
You draw a card...
You have drawn the Tomb.
Walls emerge from the floor!
GeorgeSoros's illusion shimmers and vanishes!
The spriggan rider hits you but does no damage. x2
The alligator closely misses you. The alligator completely misses you.
The alligator bites you!!
* * * LOW HITPOINT WARNING * * *
The alligator closely misses you.
The alligator puts on a burst of speed!
The spriggan rider hits you from afar with a +0 spear!
* * * LOW HITPOINT WARNING * * *
Your iron golem closely misses the spriggan rider.
The spriggan rider hits you from afar with a +0 spear.
* * * LOW HITPOINT WARNING * * *
The alligator bites you!!
You die...
Your body glows with a rainbow of weird colours and disappears.

...≈.♣≈.@≈...≈≈≈§
≈.≈≈≈.§.....§≈≈≈≈
.≈≈≈≈..§≈≈≈≈≈≈≈≈§
.≈≈≈≈.≈≈≈≈≈≈≈≈≈§≈
.......≈≈≈.=§≈≈≈≈
.?......)i.......
.≈..≈≈)tt#i...♣♣
.§§....t@8S(§≈.♣
.≈..).≈##§i≈≈≈.♣
≈(....≈≈≈§≈≈$..♣
....♣≈.≈§≈§...≈♣
≈.) ♣♣≈....≈§≈..♣
≈.∆ ♣♣♣♣♣.≈≈§≈.♣
. ..≈≈..♣ ..≈≈...


You could see Louise, 3 alligators, 3 spriggan riders, a friendly iron golem
(summoned) and a friendly shock serpent (summoned).

Vanquished Creatures
  An orc warlord (Orc:1)
  A spark wasp (Lair:3)
  A bunyip (Swamp:1)
  An eleionoma (Swamp:1)
  An ogre mage (D:14)
  Harold (D:7)
  7 hydras
  A boulder beetle (Lair:2)
  Fannar (D:9)
  2 centaur warriors (D:14)
  A death knight (D:12)
  3 catoblepae
  An alligator (Swamp:1)
  5 two-headed ogres
  2 death yaks (Lair:6)
  Sonja (Orc:2)
  6 orc high priests (Orc:2)
  Nergalle (Lair:2)
  2 unseen horrors (D:12)
  A swamp dragon (Lair:5)
  A glowing orange brain (Orc:2)
  A necromancer (IceCv)
  4 orc sorcerers
  2 lindwurms (Lair:6)
  4 orc knights
  3 ugly things (D:12)
  A wolf spider zombie (D:14)
  A deep elf mage (D:14)
  3 black mambas
  3 cyclopes
  3 centaur zombies
  27 elephants
  11 cane toads
  A torpor snail (Lair:2)
  2 ice statues (IceCv)
  2 centaur skeletons
  3 gargoyles
  Maggie (D:7)
  A kobold demonologist (D:13)
  4 rime drakes
  8 ice devils (IceCv)
  16 komodo dragons
  12 trolls
  A hornet (D:9)
  Prince Ribbit (D:5)
  Grinder (D:3)
  17 slime creatures
  5 blink frogs (Lair:3)
  2 dream sheep (Lair:2)
  2 vampires
  3 wyverns
  31 yaks
  2 basilisks
  Eustachio (D:4)
  4 vampire mosquitoes
  2 steam dragons
  7 wargs
  An acid dragon (D:14)
  2 swamp worms (Lair:2)
  5 nagas (Lair:4)
  10 water moccasins
  A soldier ant (D:13)
  A sky beast (D:6)
  2 ice beasts
  35 orc warriors
  2 black bears
  2 phantoms
  9 ogres
  12 wolves
  9 centaurs
  5 big kobolds
  19 bullfrogs
  A gnoll sergeant (D:7)
  A water moccasin zombie (D:8)
  A wyvern skeleton (D:12)
  3 scorpions
  11 killer bees
  A water moccasin skeleton (D:5)
  5 wights
  2 howler monkeys
  2 bullfrog zombies
  A draconian simulacrum (IceCv)
  19 orc wizards
  2 quasits
  A bullfrog skeleton (D:6)
  7 hounds
  2 jellies
  35 orc priests
  Jessica (D:3)
  9 iguanas
  Ijyb (D:4)
  Natasha (thrice) (D:4)
  2 spriggan simulacra (IceCv)
  11 worker ants
  Terence (D:2)
  3 troll simulacra (IceCv)
  A centaur simulacrum (IceCv)
  A hound skeleton (D:8)
  Robin (D:2)
  A worker ant zombie (D:7)
  16 gnolls
  23 adders
  2 ogre simulacra (IceCv)
  A naga simulacrum (IceCv)
  A shadow imp (D:7)
  A white imp (D:4)
  3 ufetubi
  An ooze (D:5)
  2 adder skeletons
  3 adder zombies
  4 worms
  A dart slug (D:1)
  4 leopard geckos
  121 orcs
  4 giant cockroaches
  16 goblins
  13 hobgoblins
  3 jackals (D:4)
  3 quokkas
  2 ball pythons
  5 bats
  5 frilled lizards
  23 kobolds
  A leopard gecko skeleton (D:4)
  A quokka zombie (D:9)
  9 rats
745 creatures vanquished.

Vanquished Creatures (collateral kills)
  Rupert (Orc:1)
  Gastronok (Lair:1)
  Erolcha (D:11)
  4 hydras
  A catoblepas (Lair:6)
  A deep troll shaman (Lair:6)
  A death yak (Lair:6)
  A spriggan druid (Swamp:1)
  2 bog bodies (Swamp:1)
  An orc knight (Orc:1)
  2 elephants (Lair:6)
  A cane toad (Lair:6)
  A kobold demonologist (D:11)
  2 ice devils (IceCv)
  3 hornets (Swamp:1)
  3 spriggans (Swamp:1)
  A wyvern (Lair:6)
  A vampire (D:11)
  A warg (Orc:2)
  An orc warrior (Orc:2)
  2 ogres
  An orc priest (Orc:2)
  2 orc wizards (Orc:2)
  An adder (D:11)
  An orc (Orc:1)
  A kobold (D:11)
  A quokka (D:11)
39 creatures vanquished.

Vanquished Creatures (others)
  A lindwurm (Orc:2)
  3 orcs
  A bush (D:11)
  34 fungi
  89 plants
128 creatures vanquished.

Grand Total: 912 creatures vanquished

Notes
Turn   | Place    | Note
-------+----------+-------------------------------------------
     0 | D:1      | GeorgeSoros the Gnoll Wanderer began the quest for the Orb.
     0 | D:1      | GeorgeSoros set off with the following items: a +2 dagger,
                  | a potion of haste, a +0 quarterstaff, a scroll of
                  | teleportation, a +0 robe
     0 | D:1      | Reached XP level 1. HP: 23/23 MP: 4/4
   284 | D:1      | Reached XP level 2. HP: 28/29 MP: 5/5
   917 | D:1      | Reached XP level 3. HP: 31/33 MP: 7/7
  1404 | D:2      | Reached skill level 1 in Invocations
  1545 | D:2      | Reached skill level 1 in Short Blades
  1545 | D:2      | Reached skill level 1 in Long Blades
  1545 | D:2      | Reached skill level 1 in Axes
  1545 | D:2      | Reached skill level 1 in Maces & Flails
  1545 | D:2      | Reached skill level 1 in Polearms
  1545 | D:2      | Reached skill level 1 in Slings
  1545 | D:2      | Reached skill level 1 in Bows
  1545 | D:2      | Reached skill level 1 in Crossbows
  1545 | D:2      | Reached skill level 1 in Throwing
  1545 | D:2      | Reached skill level 1 in Armour
  1545 | D:2      | Reached skill level 1 in Unarmed Combat
  1545 | D:2      | Reached skill level 1 in Evocations
  1621 | D:2      | Reached XP level 4. HP: 37/41 MP: 8/8
  1649 | D:2      | Reached skill level 1 in Conjurations
  1649 | D:2      | Reached skill level 1 in Hexes
  1649 | D:2      | Reached skill level 1 in Summonings
  1649 | D:2      | Reached skill level 1 in Necromancy
  1649 | D:2      | Reached skill level 1 in Translocations
  1649 | D:2      | Reached skill level 1 in Transmutations
  1649 | D:2      | Reached skill level 1 in Fire Magic
  1649 | D:2      | Reached skill level 1 in Ice Magic
  1649 | D:2      | Reached skill level 1 in Air Magic
  1649 | D:2      | Reached skill level 1 in Earth Magic
  1903 | D:2      | Reached XP level 5. HP: 47/47 MP: 9/9
  1931 | D:2      | You fall into a shaft and drop 2 floors!
  2236 | D:3      | Noticed Jessica
  2242 | D:3      | Killed Jessica
  2389 | D:2      | Found an iron altar of Okawaru.
  2389 | D:2      | Found a radiant altar of Vehumet.
  2408 | D:2      | Reached XP level 6. HP: 49/53 MP: 10/10
  2726 | D:2      | Noticed Robin
  2743 | D:2      | Killed Robin
  2765 | D:2      | Noticed Terence
  2781 | D:2      | Killed Terence
  3518 | D:3      | Noticed Grinder
  3519 | D:3      | Paralysed by Grinder for 5 turns
  3530 | D:3      | Paralysed by Grinder for 7 turns
  3554 | D:3      | Killed Grinder
  3555 | D:3      | Reached skill level 7 in Fighting
  3555 | D:3      | Reached XP level 7. HP: 18/60 MP: 12/12
  3948 | D:4      | Noticed Natasha
  3958 | D:4      | Killed Natasha
  4102 | D:4      | Noticed Natasha
  4110 | D:4      | Killed Natasha
  4200 | D:4      | Noticed Eustachio
  4236 | D:4      | Killed Eustachio
  4345 | D:4      | Found a snail-covered altar of Cheibriados.
  4348 | D:4      | Found a blossoming altar of Fedhas.
  4594 | D:4      | Noticed Natasha
  4625 | D:4      | Killed Natasha
  4761 | D:4      | Noticed Ijyb
  4792 | D:4      | Killed Ijyb
  4838 | D:4      | Reached XP level 8. HP: 41/67 MP: 14/14
  5465 | D:5      | Entered Level 5 of the Dungeon
  5476 | D:5      | Found a staircase to the Ecumenical Temple.
  5486 | Temple   | Entered the Ecumenical Temple
  5642 | Temple   | Became a worshipper of Nemelex Xobeh the Trickster
  5880 | D:5      | Found a basalt altar of Yredelemnul.
  6040 | D:5      | Noticed Prince Ribbit
  6057 | D:5      | Killed Prince Ribbit
  6595 | D:6      | Reached skill level 5 in Poison Magic
  6595 | D:6      | Reached XP level 9. HP: 72/72 MP: 16/16
  6662 | D:6      | Learned a level 1 spell: Corona
  6757 | D:6      | Found Kosanoampe's Book Emporium.
  7022 | D:6      | Reached skill level 5 in Spellcasting
  7516 | D:7      | Reached skill level 5 in Staves
  7516 | D:7      | Reached skill level 5 in Dodging
  7516 | D:7      | Reached skill level 5 in Shields
  7576 | D:7      | Reached * piety under Nemelex Xobeh
  7596 | D:7      | Learned a level 1 spell: Sandblast
  7624 | D:7      | Noticed Maggie
  7662 | D:7      | Killed Maggie
  7663 | D:7      | Reached skill level 5 in Stealth
  7915 | D:7      | Found a broken altar of Ashenzari.
  7918 | D:7      | Learned a level 1 spell: Summon Small Mammal
  8028 | D:7      | Noticed Harold
  8034 | D:7      | Reached skill level 8 in Fighting
  8063 | D:9      | Noticed a hornet
  8070 | D:9      | Paralysed by a hornet for 1 turns
  8072 | D:9      | Killed a hornet
  8073 | D:9      | Reached skill level 5 in Invocations
  8380 | D:9      | Received a gift from Nemelex Xobeh
  8497 | D:7      | Killed Harold
  8498 | D:7      | Reached XP level 10. HP: 69/80 MP: 18/18
  8662 | D:7      | Reached skill level 5 in Short Blades
  8662 | D:7      | Reached skill level 5 in Long Blades
  8662 | D:7      | Reached skill level 5 in Axes
  8662 | D:7      | Reached skill level 5 in Maces & Flails
  8662 | D:7      | Reached skill level 5 in Polearms
  8662 | D:7      | Reached skill level 5 in Slings
  8662 | D:7      | Reached skill level 5 in Bows
  8662 | D:7      | Reached skill level 5 in Crossbows
  8662 | D:7      | Reached skill level 5 in Throwing
  8662 | D:7      | Reached skill level 5 in Armour
  8662 | D:7      | Reached skill level 5 in Unarmed Combat
  8662 | D:7      | Reached skill level 5 in Evocations
  8795 | D:7      | Got a glimmering chain mail
  8806 | D:7      | Identified the +7 chain mail "Kioz" {+Inv rC+ Dex+4} (You
                  | found it on level 7 of the Dungeon)
  8826 | D:7      | Found a white marble altar of Elyvilon.
  9699 | D:8      | Found Zieris's General Store.
  9744 | D:8      | Reached ** piety under Nemelex Xobeh
  9847 | D:8      | Found a basalt altar of Yredelemnul.
 10250 | D:9      | Received a gift from Nemelex Xobeh
 10768 | D:9      | Reached XP level 11. HP: 47/87 MP: 20/20
 10946 | D:10     | Entered Level 10 of the Dungeon
 11217 | D:10     | Noticed Fannar
 11242 | D:9      | Killed Fannar
 11243 | D:9      | Reached skill level 9 in Fighting
 11243 | D:9      | Reached skill level 5 in Conjurations
 11243 | D:9      | Reached skill level 5 in Hexes
 11243 | D:9      | Reached skill level 5 in Summonings
 11243 | D:9      | Reached skill level 5 in Necromancy
 11243 | D:9      | Reached skill level 5 in Translocations
 11243 | D:9      | Reached skill level 5 in Transmutations
 11243 | D:9      | Reached skill level 5 in Fire Magic
 11243 | D:9      | Reached skill level 5 in Ice Magic
 11243 | D:9      | Reached skill level 5 in Air Magic
 11243 | D:9      | Reached skill level 5 in Earth Magic
 11462 | D:10     | Found a runed translucent gate.
 11462 | D:10     | Found a runed translucent gate.
 11462 | D:10     | Found a runed translucent gate.
 11463 | D:10     | Found an opulent altar of Gozag.
 11464 | D:10     | Noticed an obsidian statue
 11464 | D:10     | Noticed allesh93's ghost (novice MiFi)
 12150 | D:10     | Reached *** piety under Nemelex Xobeh
 12182 | D:10     | Received a gift from Nemelex Xobeh
 12624 | D:11     | Found Zunturop's Weapon Shoppe.
 12647 | D:11     | Noticed Erolcha
 12651 | D:11     | Killed Erolcha
 12667 | D:11     | Found Xiut's Antique Armour Boutique.
 12706 | D:11     | Found a staircase to the Lair.
 12891 | D:11     | Noticed a cyclops
 12898 | D:11     | Killed a cyclops
 13080 | D:11     | Found a frozen archway.
 13084 | D:11     | Found Joxzugai's Armour Shop.
 13089 | IceCv    | Entered an ice cave
 14149 | IceCv    | Noticed a necromancer
 14150 | IceCv    | Found the +7 great mace "Undeadhunter" {disrupt, rN+}
 14168 | IceCv    | Killed a necromancer
 14169 | IceCv    | Reached XP level 12. HP: 42/96 MP: 23/23
 14188 | IceCv    | Got a heavily runed ring mail
 14206 | IceCv    | Identified the +2 ring mail "Reck" {Str+4} (You found it in
                  | an ice cave)
 14436 | D:11     | Noticed a two-headed ogre
 14459 | D:11     | Killed a two-headed ogre
 15218 | D:11     | Found a runed translucent gate.
 15218 | D:11     | Noticed Zock's ghost (journeyman HuFi)
 15220 | D:11     | Found a runed translucent gate.
 15221 | D:11     | Found a runed translucent gate.
 15226 | D:11     | Noticed a two-headed ogre
 15228 | D:11     | Killed a two-headed ogre
 15450 | D:11     | Identified the cursed +1 hand axe of Uzime {holy, rPois
                  | rF++ Str-3 Stlth+}
 15672 | D:11     | Bought a +0 helmet of see invisible for 138 gold pieces
 15692 | D:11     | Found Jovis's Jewellery Emporium.
 15771 | D:11     | Found Elutrun's General Store.
 15926 | D:11     | Found a roughly hewn altar of Beogh.
 15974 | Lair:1   | Entered Level 1 of the Lair of Beasts
 15974 | Lair:1   | Received a gift from Nemelex Xobeh
 16455 | Lair:1   | Noticed a seven-headed hydra
 16471 | Lair:1   | Killed a seven-headed hydra
 16472 | Lair:1   | Reached skill level 10 in Fighting
 16722 | Lair:1   | Reached **** piety under Nemelex Xobeh
 16760 | Lair:1   | Noticed Gastronok
 16774 | Lair:1   | Killed Gastronok
 17211 | Lair:1   | Received a gift from Nemelex Xobeh
 17475 | Lair:2   | Noticed a catoblepas
 17477 | Lair:2   | Found a transporter.
 17484 | Lair:2   | Killed a catoblepas
 17485 | Lair:2   | Reached XP level 13. HP: 87/103 MP: 25/25
 17553 | Lair:2   | Noticed ttag's ghost (journeyman MiBe)
 18303 | Lair:2   | You fall into a shaft and drop 2 floors!
 18402 | Lair:4   | Reached ***** piety under Nemelex Xobeh
 18976 | Lair:3   | Received a gift from Nemelex Xobeh
 19604 | Lair:2   | Noticed Nergalle
 19617 | Lair:2   | Killed Nergalle
 19922 | Lair:2   | Found a transporter.
 19995 | Lair:2   | Identified a scroll of acquirement
 19995 | Lair:2   | Acquired 503 gold pieces
 20077 | D:11     | Bought the -2 hat of the Alchemist {rElec rPois rF+ rC+ rN+
                  | Will+ rMut rCorr} for 1227 gold pieces
 20077 | D:11     | Found the -2 hat of the Alchemist {rElec rPois rF+ rC+ rN+
                  | Will+ rMut rCorr}
 20156 | Lair:3   | Received a gift from Nemelex Xobeh
 20686 | Lair:3   | Received a gift from Nemelex Xobeh
 21156 | Lair:3   | Noticed a great orb of eyes
 21156 | Lair:3   | a six-headed hydra changed into a great orb of eyes
 21157 | Lair:3   | Noticed a spark wasp
 21157 | Lair:3   | a great orb of eyes changed into a spark wasp
 21160 | Lair:3   | Killed a spark wasp
 21245 | Lair:3   | Found a staircase to the Swamp.
 21767 | Lair:4   | Reached XP level 14. HP: 79/111 MP: 27/27
 21895 | Lair:4   | Received a gift from Nemelex Xobeh
 22120 | Lair:4   | Found a staircase to the Snake Pit.
 22475 | Lair:5   | Reached skill level 11 in Fighting
 22762 | Lair:5   | Found a staircase to the Slime Pits.
 23123 | Lair:5   | Received a gift from Nemelex Xobeh
 23375 | Lair:5   | Found a runed translucent door.
 23376 | Lair:5   | Noticed vykuza's ghost (journeyman MiBe)
 23792 | Lair:6   | Entered Level 6 of the Lair of Beasts
 23811 | Lair:5   | Reached skill level 10 in Invocations
 24028 | Lair:6   | Received a gift from Nemelex Xobeh
 25391 | Lair:6   | Received a gift from Nemelex Xobeh
 26448 | Lair:6   | Reached skill level 10 in Spellcasting
 27105 | D:12     | Found Qavezxap's Weapon Shop.
 27105 | D:12     | Found a staircase to the Orcish Mines.
 27105 | D:12     | Found Vugoihak's Armour Shop.
 27169 | D:12     | Found an ancient bone altar of Kikubaaqudgha.
 27188 | D:12     | Reached skill level 10 in Staves
 27188 | D:12     | Reached skill level 10 in Dodging
 27188 | D:12     | Reached skill level 10 in Shields
 27502 | D:12     | Reached skill level 10 in Stealth
 27535 | D:12     | Reached XP level 15. HP: 110/119 MP: 29/29
 28556 | D:12     | Received a gift from Nemelex Xobeh
 29191 | Orc:1    | Entered Level 1 of the Orcish Mines
 29974 | Orc:1    | Found Rec Ziorhi's Gadget Emporium.
 30555 | Orc:2    | Entered Level 2 of the Orcish Mines
 30555 | Orc:2    | Noticed Rupert
 30571 | Orc:1    | Killed Rupert
 30858 | Orc:2    | Noticed an orc warlord
 30871 | Orc:1    | Killed an orc warlord
 30872 | Orc:1    | Reached skill level 10 in Short Blades
 30872 | Orc:1    | Reached skill level 10 in Long Blades
 30872 | Orc:1    | Reached skill level 10 in Axes
 30872 | Orc:1    | Reached skill level 10 in Maces & Flails
 30872 | Orc:1    | Reached skill level 10 in Polearms
 30872 | Orc:1    | Reached skill level 10 in Slings
 30872 | Orc:1    | Reached skill level 10 in Bows
 30872 | Orc:1    | Reached skill level 10 in Crossbows
 30872 | Orc:1    | Reached skill level 10 in Throwing
 30872 | Orc:1    | Reached skill level 10 in Armour
 30872 | Orc:1    | Reached skill level 10 in Unarmed Combat
 30872 | Orc:1    | Reached skill level 10 in Evocations
 31298 | Orc:2    | Received a gift from Nemelex Xobeh
 31641 | Orc:2    | Gained mutation: You are clumsy. (Dex -2) [a neqoxec]
 32738 | Orc:2    | Paralysed by an orc sorcerer for 5 turns
 33090 | Orc:2    | Found Imeanlel's Gadget Boutique.
 33311 | Orc:2    | Found a staircase to the Elven Halls.
 33550 | Orc:2    | Found Lumacke's Jewellery Boutique.
 33550 | Orc:2    | Found Zeyfuti's Weapon Boutique.
 33551 | Orc:2    | Found Pagrilokk's Antique Armour Shop.
 33555 | Orc:2    | Found Plog's Magic Scroll Shop.
 33627 | Orc:2    | Noticed Sonja
 33631 | Orc:2    | Killed Sonja
 33716 | D:13     | Reached ****** piety under Nemelex Xobeh
 33746 | D:13     | Found a flickering gateway to a bazaar.
 33753 | Bazaar   | Entered a bazaar
 33753 | Bazaar   | Found Donkyfe's Antique Weapon Shop.
 33761 | Bazaar   | Found Poij's Distillery.
 33768 | Bazaar   | Found Vedoudapug's Antique Weapon Shop.
 33769 | Bazaar   | Bought a potion of heal wounds for 45 gold pieces
 33776 | Bazaar   | Bought a steaming longbow for 190 gold pieces
 33780 | Bazaar   | Identified the cursed +1 longbow of Gedyista {vorpal, MP+9}
                  | (You bought it in a shop in a bazaar)
 33836 | Bazaar   | Found Saom's Assorted Antiques.
 33840 | Bazaar   | Found Xeirph's Gadget Emporium.
 33844 | Bazaar   | Bought a scroll of remove curse for 48 gold pieces
 33900 | D:13     | Reached skill level 12 in Fighting
 34524 | D:13     | Received a gift from Nemelex Xobeh
 34758 | D:13     | Learned a level 4 spell: Cause Fear
 34762 | D:13     | Learned a level 3 spell: Tukima's Dance
 35573 | D:13     | Received a gift from Nemelex Xobeh
 35775 | D:11     | Bought the +10 crystal plate armour "Ciacoal" {+Inv rPois
                  | rC+ Dex+2} for 1650 gold pieces
 35913 | D:14     | Found a gate to the Vaults.
 36083 | D:14     | Reached XP level 16. HP: 103/127 MP: 30/30
 36841 | Swamp:1  | Entered Level 1 of the Swamp
 36841 | Swamp:1  | Received a gift from Nemelex Xobeh
 36860 | Swamp:1  | Noticed Louise
 36860 | Swamp:1  | Mangled by an alligator

Illustrated notes

Levels and vault maps discovered:
D:1:      wander_arrival_abandoned_jail, layout_loops_corners
D:2:      minmay_angry_zag, layout_loops_ring, gammafunk_temple_overflow_pools,
          uniq_terence, uniq_robin
D:3:      layout_loops_ring, uniq_jessica, uniq_grinder
D:4:      layout_basic, chequers_temple_overflow_statue_of_worship, uniq_ijyb,
          uniq_eustachio, uniq_natasha
D:5:      layout_basic, minmay_temple_entry_mini_moons, basic_altar,
          uniq_prince_ribbit1
D:6:      layout_basic, serial_shops, nicolae_shop_crystal, nrook_mini_vaults,
          kennysheep_generic_room_2
D:7:      layout_rooms, old_standard_altar, minmay_misc_feat_roman,
          evilmike_ruin_ashenzari, uniq_harold, uniq_maggie
D:8:      layout_cave_pools, kennysheep_little_box, serial_shops, shop
D:9:      layout_roguey, chequers_serial_rivers_micro_a
D:10:     layout_grid_maze, ebering_ghost_gozag, uniq_fannar
D:11:     layout_loops_ring, erik_lair_orcish_takeover,
          portal_ice_cave_entry_pillars_2, serial_shops, shop, shop, shop, shop,
          shop, biasface_ghost_orc_armoury, kb_lookout_dungeons_type,
          minmay_lizard_king, uniq_erolcha
D:12:     layout_loops_cross, orc_david_3, basic_altar
D:13:     layout_stronghold, serial_shops, bzr_entry_dummy
D:14:     layout_roguey, david_vaults_2
Temple:   regret_index_temple_sphere_string
Lair:1:   layout_regular_city, grunt_megastairs_3, uniq_gastronok
Lair:2:   layout_loops_ring, gammafunk_ghost_arena, worms_lemuel,
          infiniplex_staircase_pool, uniq_nergalle
Lair:3:   layout_gridlike, palyth_hydra_swamp_entry, grunt_megastairs_1
Lair:4:   layout_misc_corridors, minmay_snake_entry_guardpost_large,
          enter_volcano_4
Lair:5:   layout_small_grid, minmay_slime_entry_oklob_enclosed,
          hellmonk_ghost_happy_afterlife, pond, serial_bayou_shore_a
Lair:6:   grunt_lair_end_beastmaster, layout_hall_layers,
          grunt_forest_small_clearing_treed, grunt_megastairs_5
Swamp:1:  layout_basic_swamp, evilmike_swamp_ruin_house_1, uniq_louise
Orc:1:    cheibrodos_orc_arena, layout_caves, serial_shops,
          nicolae_shop_waterfront
Orc:2:    st_orc_mages, layout_caves, guppyfry_orc_lava_fort, uniq_rupert,
          uniq_sonja

Skill      XL: |  1  2  3  4  5  6  7  8  9 10 11 12 13 14 15 16 |
---------------+-------------------------------------------------+-----
Invocations    | 1 2 3 4 5 6 7 8 9 10 11 | 11.4
Short Blades   | 1 2 3 4 5 6 7 8 9 10 | 10.6
Long Blades    | 1 2 3 4 5 6 7 8 9 10 | 10.6
Axes           | 1 2 3 4 5 6 7 8 9 10 | 10.6
Maces & Flails | 1 2 3 4 5 6 7 8 9 10 | 10.6
Polearms       | 1 2 3 4 5 6 7 8 9 10 | 10.6
Slings         | 1 2 3 4 5 6 7 8 9 10 | 10.6
Bows           | 1 2 3 4 5 6 7 8 9 10 | 10.6
Crossbows      | 1 2 3 4 5 6 7 8 9 10 | 10.6
Throwing       | 1 2 3 4 5 6 7 8 9 10 | 10.6
Armour         | 1 2 3 4 5 6 7 8 9 10 | 10.6
Unarmed Combat | 1 2 3 4 5 6 7 8 9 10 | 10.6
Evocations     | 1 2 3 4 5 6 7 8 9 10 | 10.6
Spellcasting   | 3 4 5 6 7 8 9 10 | 10.9
Conjurations   | 1 2 3 4 5 6 7 8 9 |  9.0
Hexes          | 1 2 3 4 5 6 7 8 9 |  9.0
Summonings     | 1 2 3 4 5 6 7 8 9 |  9.0
Necromancy     | 1 2 3 4 5 6 7 8 9 |  9.0
Translocations | 1 2 3 4 5 6 7 8 9 |  9.0
Transmutations | 1 2 3 4 5 6 7 8 9 |  9.0
Fire Magic     | 1 2 3 4 5 6 7 8 9 |  9.0
Ice Magic      | 1 2 3 4 5 6 7 8 9 |  9.0
Air Magic      | 1 2 3 4 5 6 7 8 9 |  9.0
Earth Magic    | 1 2 3 4 5 6 7 8 9 |  9.0
Staves         | 3 4 5 6 7 8 9 10 | 10.9
Dodging        | 3 4 5 6 7 8 9 10 | 10.9
Shields        | 3 4 5 6 7 8 9 10 | 10.9
Poison Magic   | 4 5 6 7 8 9 |  9.7
Stealth        | 3 4 5 6 7 8 9 10 | 10.8
Fighting       | 7 8 9 10 11 12 | 12.2

Action                   |  1- 3 |  4- 6 |  7- 9 | 10-12 | 13-15 | 16-18 || total
-------------------------+-------+-------+-------+-------+-------+-------++-------
Melee: Dagger            |   136 |   217 |   518 |    20 |       |       ||   891
       Bite              |    14 |    26 |    76 |   135 |   237 |     6 ||   494
       Punch             |     1 |       |    13 |       |       |       ||    14
       Great sword       |       |       |       |   523 |       |       ||   523
       Great mace        |       |       |       |    66 |  1304 |    34 ||  1404
Throw: Dart              |       |     2 |     7 |     2 |       |       ||    11
 Cast: Corona            |       |       |     1 |       |       |       ||     1
       Sandblast         |       |       |     1 |       |       |       ||     1
Invok: Draw Summoning    |       |       |     1 |     4 |    13 |     2 ||    20
       Draw Destruction  |       |       |       |    15 |    32 |       ||    47
       Draw Escape       |       |       |       |       |     3 |     1 ||     4
Evoke: Wand              |       |     1 |     8 |    26 |       |     1 ||    36
       Lightning rod     |       |       |       |     4 |     1 |       ||     5
  Use: Scroll            |     3 |     3 |     9 |     9 |    13 |       ||    37
       Potion            |       |     1 |     2 |     3 |     1 |       ||     7
 Stab: Sleeping          |     2 |       |     2 |       |     2 |       ||     6
       Invisible         |       |     1 |       |       |       |       ||     1
       Petrified         |       |       |       |     7 |     4 |       ||    11
       Petrifying        |       |       |       |       |     3 |       ||     3
       Distracted        |       |       |       |       |     3 |     2 ||     5
Armor: Robe              |     6 |       |       |       |       |       ||     6
       Scale mail        |    27 |    97 |   154 |       |       |       ||   278
       Acid dragon scale |       |       |    36 |     3 |       |       ||    39
       Chain mail        |       |       |       |   242 |   403 |       ||   645
       Plate armour      |       |       |       |   194 |   484 |       ||   678
       Crystal plate arm |       |       |       |       |    28 |    71 ||    99
Dodge: Dodged            |    62 |   112 |   364 |   529 |  1094 |    34 ||  2195
Block: Other             |       |       |       |   105 |   443 |    20 ||   568
       Reflection        |       |       |       |     7 |     9 |     2 ||    18
       Rpst.: Great sword |       |       |       |   130 |       |       ||   130
